Map: Lightshade LE

Players

DRG

  • Race: Zerg Zerg
  • Spawn Location: 5:00

ByuN - Winner!

  • Race: Terran Terran
  • Spawn Location: 11:00

Event: IEM Katowice 2021

VOD

Have the link to the VOD?

Description

Time

  • Played on: Feb. 20, 2021, 12:03 p.m.
  • Length: 22:12

All games in this series

Show
View Real Time Build Order
Export as new Build Order

DRG Zerg 

Build Orders: Hatch First 

Get SALT Encoding   

  12  0:00  Drone  
  13  0:12  Overlord  
  13  0:16  Drone  
  14  0:30  Drone x2  
  16  0:47  Hatchery  
  15  0:51  Drone  
  15  0:54  Drone  
  17  0:58  Drone  
  18  1:14  Spawning Pool  
  18  1:16  Extractor  
  18  1:17  Drone  
  17  1:20  Drone  
  18  1:27  Drone  
  19  1:38  Drone  
  20  1:49  Drone  
  21  2:00  Queen x2  
  21  2:01  Zergling x4  
  27  2:10  Overlord  
  27  2:11  Drone  
  28  2:28  Hatchery  
  28  2:29  Drone  
  28  2:30  Drone  
  28  2:34  Drone  
  30  2:38  Queen  
  30  2:41  Drone  
  33  2:47  Overlord  
  33  2:48  Drone  
  34  2:54  Drone  
  34  2:55  Drone  
  36  3:01  Metabolic Boost  
  36  3:04  Overlord  
  36  3:06  Drone  
  36  3:10  Drone x2  
  36  3:12  Drone  
  40  3:17  Queen  
  40  3:19  Drone  
  43  3:23  Drone  
  43  3:26  Drone  
  45  3:28  Drone  
  46  3:36  Overlord  
  46  3:37  Drone  
  46  3:40  Drone  
  46  3:41  Drone  
  49  3:42  Queen  
  49  3:44  Zergling x2  
  49  3:45  Drone  
  53  3:50  Drone  
  53  3:52  Drone x2  
  53  3:55  Queen  
  56  4:00  Drone  
  56  4:02  Drone  
  60  4:06  Drone  
  60  4:09  Overlord  
  61  4:11  Zergling x2  
  61  4:13  Drone x2  
  61  4:14  Drone x2  
  61  4:15  Overlord  
  66  4:23  Baneling Nest  
  66  4:24  Overlord  
  65  4:26  Drone, Queen  
  65  4:27  Drone x2  
  65  4:31  Spore Crawler x2  
  68  4:33  Drone, Spore Crawler  
  68  4:35  Drone  
  68  4:36  Drone  
  69  4:41  Drone, Spore Crawler  
  69  4:43  Drone  
  69  4:44  Drone  
  71  4:46  Extractor  
  71  4:47  Drone  
  71  4:51  Zergling x12  
  77  4:54  Zergling x2  
  78  5:02  Queen  
  76  5:07  Drone  
  76  5:10  Drone  
  76  5:11  Drone x4  
  76  5:12  Drone  
  73  5:16  Drone x4  
  73  5:20  Drone  
  76  5:26  Hatchery  
  76  5:27  Drone x2  
  76  5:28  Drone  
  78  5:29  Evolution Chamber  
  78  5:32  Evolution Chamber  
  78  5:33  Drone x2  
  78  5:34  Lair  
  78  5:36  Drone  
  78  5:40  Drone x4  
  78  5:41  Queen  
  85  5:44  Extractor  
  85  5:45  Drone x2  
  86  5:52  Drone  
  86  5:55  Zerg Melee Weapons Level 1  
  86  5:56  Extractor, Drone  
  86  6:00  Drone  
  86  6:01  Drone x2  
  86  6:02  Overlord  
  86  6:03  Zerg Ground Armor Level 1  
  89  6:08  Drone  
  89  6:09  Overlord x2  
  90  6:11  Hatchery  
  90  6:16  Extractor  
  90  6:17  Overlord  
  88  6:22  Spore Crawler  
  88  6:24  Zergling x16  
  95  6:30  Zergling x6  
  98  6:35  Centrifical Hooks  
  98  6:37  Zergling x10  
  98  6:38  Queen  
  106  6:40  Drone  
  106  6:41  Spore Crawler  
  106  6:45  Burrow, Pneumatized Carapace  
  105  6:48  Drone x4  
  105  6:50  Overseer  
  105  6:52  Drone x3  
  112  6:54  Zergling x2  
  112  7:02  Zergling x10  
  112  7:03  Baneling x7  
  112  7:06  Overlord  
  117  7:09  Zergling x4  
  117  7:10  Overlord  
  119  7:21  Zergling x12  
  116  7:24  Zergling x10  
  120  7:33  Drone x6  
  120  7:35  Extractor, Baneling x5  
  120  7:36  Overseer  
  125  7:38  Zergling x10  
  130  7:44  Zergling x6  
  130  7:45  Baneling x4  
  130  7:47  Zergling x4  
  130  7:51  Hatchery, Zerg Melee Weapons Level 2  
  135  7:57  Zergling x10  
  128  8:00  Zerg Ground Armor Level 2  
  128  8:03  Zergling x12  
  134  8:09  Zergling x2  
  134  8:10  Zergling x12  
  141  8:13  Overlord  
  141  8:14  Queen, Infestation Pit  
  141  8:18  Baneling x6  
  142  8:21  Overlord  
  142  8:30  Overlord x2  
  142  8:34  Baneling x6  
  142  8:36  Zergling x16  
  142  8:40  Zergling x12, Baneling x2  
  154  8:45  Zergling x4  
  149  8:49  Zergling x12  
  149  8:53  Zergling x4  
  138  8:59  Hive  
  138  9:00  Drone x7  
  142  9:07  Drone x4  
  142  9:08  Baneling x3  
  142  9:09  Baneling x3  
  146  9:10  Queen x2  
  146  9:14  Zergling x8  
  154  9:17  Baneling x6  
  154  9:20  Drone  
  154  9:21  Drone  
  154  9:22  Spore Crawler  
  155  9:24  Extractor  
  155  9:25  Zergling x10  
  155  9:29  Zergling x16  
  155  9:31  Baneling x2  
  166  9:38  Zergling x10  
  166  9:39  Zergling x4  
  166  9:41  Baneling x3  
  166  9:44  Overlord  
  169  9:48  Overseer x2, Overlord x2  
  169  9:50  Zergling x6  
  165  10:02  Baneling  
  165  10:03  Overlord x3, Baneling x4  
  165  10:08  Zergling x2  
  165  10:09  Zergling x20  
  165  10:12  Baneling  
  165  10:13  Baneling x4  
  172  10:14  Zergling x16  
  174  10:26  Zergling x18  
  175  10:31  Zergling x16  
  175  10:32  Zergling x6  
  171  10:36  Zergling x6  
  171  10:37  Baneling x7  
  171  10:40  Hatchery, Adrenal Glands  
  172  10:45  Zergling x12  
  173  10:53  Zerg Melee Weapons Level 3, Zerg Ground Armor Level 3  
  173  10:54  Zergling x2  
  173  10:57  Overlord  
  157  11:05  Baneling x8  
  157  11:07  Ultralisk Cavern  
  157  11:09  Viper x2  
  162  11:13  Zergling x12  
  168  11:19  Zergling x14  
  175  11:26  Zergling x20  
  184  11:35  Zergling x2  
  184  11:36  Zergling x16  
  178  11:50  Zergling x26  
  175  11:56  Zergling x8  
  175  11:58  Chitinous Plating  
  175  12:00  Zergling x14, Baneling  
  175  12:01  Baneling x4  
  170  12:09  Baneling x12  
  170  12:10  Zergling x6  
  170  12:13  Overseer, Baneling  
  173  12:18  Zergling x12  
  173  12:19  Baneling x4  
  173  12:22  Overseer  
  178  12:24  Drone x3  
  178  12:30  Spore Crawler  
  178  12:33  Zergling x12  
  182  12:38  Drone x3  
  182  12:40  Spire  
  182  12:41  Overlord x2  
  184  12:44  Baneling x5  
  184  12:47  Baneling x7  
  184  12:57  Zergling x2  
  184  12:58  Zergling x12  
  186  13:03  Baneling x7  
  186  13:04  Zergling x2  
  186  13:05  Zergling x22  
  195  13:16  Anabolic Synthesis  
  195  13:18  Ultralisk x2  
  195  13:19  Zergling x12  
  192  13:20  Baneling  
  192  13:21  Baneling x4  
  192  13:25  Zergling x10  
  194  13:32  Zergling x18  
  189  13:47  Ultralisk x2  
  191  13:48  Zergling x16  
  191  13:55  Zergling x18  
  190  13:58  Zergling x10  
  190  14:01  Zergling x6  
  187  14:12  Drone x3  
  189  14:19  Baneling x5  
  189  14:22  Zergling x10  
  189  14:23  Baneling x8  
  194  14:25  Overseer x2  
  194  14:27  Zergling x10  
  194  14:30  Hatchery  
  197  14:32  Baneling x5  
  197  14:36  Zergling x24  
  196  14:40  Zerg Flyer Weapons Level 1, Pathogen Glands  
  197  15:00  Zergling x8  
  182  15:10  Infestor x3  
  182  15:13  Zergling x4  
  169  15:14  Overlord x4  
  168  15:22  Zergling x6  
  168  15:23  Overlord  
  168  15:27  Zergling x6  
  168  15:28  Overlord x3  
  170  15:29  Overseer  
  170  15:33  Baneling x9  
  170  15:34  Baneling x2  
  170  15:35  Zergling x26  
  173  15:38  Drone x3  
  173  15:40  Zergling x14  
  193  15:47  Zergling x20  
  199  16:00  Zergling x24  
  192  16:07  Zergling x6  
  192  16:12  Zergling x10  
  192  16:13  Baneling x9  
  192  16:15  Zergling x14  
  192  16:17  Zergling x2  
  200  16:25  Zergling x24  
  190  16:30  Zergling x6  
  193  16:39  Zergling x10  
  190  16:45  Overseer, Baneling x9  
  188  16:51  Baneling x9  
  188  16:52  Hatchery  
  187  16:55  Infestor x2  
  187  17:05  Overseer  
  187  17:06  Overlord x2  
  187  17:07  Overseer  
  187  17:08  Overseer x4  
  186  17:10  Baneling x4  
  183  17:18  Zergling x2  
  183  17:19  Zergling x26  
  183  17:22  Baneling x6  
  195  17:26  Zergling x6  
  195  17:27  Zergling x4  
  198  17:31  Overseer  
  198  17:35  Baneling x2  
  198  17:37  Baneling x3  
  198  17:38  Baneling x3  
  189  17:45  Zergling x28  
  189  17:48  Zergling x2  
  189  17:50  Baneling  
  200  17:57  Zergling x14  
  185  18:03  Zergling x12  
  185  18:04  Zergling x6  
  183  18:06  Zergling x2, Baneling x4  
  183  18:07  Zergling x8  
  183  18:11  Overlord x2  
  186  18:15  Overlord  
  186  18:16  Overlord x3  
  186  18:21  Baneling x10  
  186  18:23  Overseer  
  186  18:25  Overseer  
  186  18:28  Overseer  
  184  18:36  Overlord  
  184  18:37  Hatchery  
  184  18:40  Infestor x2  
  184  18:41  Infestor x2  
  189  18:45  Baneling x7  
  191  18:54  Zergling x14  
  189  18:56  Zergling x6  
  189  18:59  Zergling x4  
  193  19:07  Hatchery  
  192  19:15  Zergling x16  
  187  19:25  Hatchery  
  187  19:26  Zergling x20  
  192  19:35  Zergling x16  
  192  19:37  Overlord  
  181  19:43  Zergling x10  
  171  19:49  Baneling x4  
  171  19:50  Baneling x4  
  171  19:51  Baneling x4  
  167  19:56  Zergling x2  
  167  19:57  Zergling x8  
  172  20:01  Overseer x2  
  172  20:03  Overlord x2  
  172  20:11  Baneling x11  
  172  20:12  Zergling x2  
  172  20:13  Zergling x8  
  177  20:19  Zergling x12  
  178  20:25  Infestor  
  166  20:30  Zergling x14  
  149  20:37  Zergling x10  
  143  20:51  Zergling x20  
  151  20:57  Baneling x8  
  147  21:05  Infestor x3  
  151  21:18  Baneling x11  
  150  21:25  Zergling x6  
  150  21:26  Zergling x4  
  150  21:29  Infestor  
  150  21:31  Hatchery  
  141  21:40  Zergling x2  
  141  21:41  Zergling x12  
  141  21:43  Zergling x2  
  142  21:47  Baneling  
  138  21:55  Zergling x10  
Show
View Real Time Build Order
Export as new Build Order

ByuN Terran - Winner!

Build Orders: Reaper Expand, Hellion Banshee 

Get SALT Encoding   

  12  0:00  SCV  
  13  0:12  SCV  
  14  0:17  Supply Depot  
  14  0:24  SCV  
  15  0:38  SCV  
  15  0:40  Barracks  
  16  0:43  Refinery  
  16  0:50  SCV  
  17  1:03  SCV  
  18  1:15  SCV  
  19  1:27  Reaper, Orbital Command  
  20  1:39  Command Center  
  20  1:51  Supply Depot  
  20  1:52  SCV  
  21  1:58  Marine  
  22  2:04  SCV  
  22  2:07  Factory  
  23  2:12  Refinery  
  23  2:18  SCV  
  23  2:20  Barracks Reactor  
  24  2:31  SCV  
  25  2:43  SCV  
  26  2:51  Orbital Command  
  26  2:52  Starport  
  26  2:55  SCV  
  27  3:05  Hellion x2  
  31  3:07  SCV  
  31  3:09  Barracks Tech Lab  
  32  3:18  SCV  
  32  3:19  SCV  
  34  3:21  Supply Depot  
  34  3:26  Hellion x2  
  38  3:30  SCV  
  38  3:31  SCV  
  40  3:39  Banshee, Cloaking Field  
  40  3:40  Marine  
  44  3:42  SCV  
  44  3:43  SCV  
  44  3:48  Hellion x2  
  50  3:52  Supply Depot  
  51  3:55  SCV x2  
  51  3:59  Barracks Tech Lab  
  52  4:08  Armory  
  52  4:09  Hellion  
  54  4:14  SCV x2, Hellion  
  54  4:16  Supply Depot  
  58  4:22  Banshee  
  61  4:26  SCV  
  62  4:38  SCV x2, Supply Depot  
  63  4:45  Command Center  
  64  4:48  Factory Reactor  
  64  4:50  SCV x2, Marine  
  64  4:51  Stimpack  
  67  5:02  SCV x2  
  64  5:08  Marine  
  64  5:12  Barracks  
  61  5:14  SCV x2  
  61  5:15  Barracks  
  61  5:17  Starport Reactor  
  55  5:22  Engineering Bay x2  
  55  5:25  Refinery  
  55  5:26  Marine, Refinery  
  57  5:31  Factory Reactor  
  57  5:37  SCV x2  
  57  5:39  Barracks  
  57  5:41  Barracks  
  58  5:45  Marine  
  58  5:49  SCV x2  
  61  5:51  Terran Infantry Weapons Level 1, Terran Infantry Armor Level 1  
  61  6:01  SCV x2, Marine x2  
  61  6:02  Marine  
  66  6:06  Orbital Command  
  66  6:08  Medivac x2  
  66  6:10  Marine x2  
  72  6:15  SCV x2  
  72  6:16  Supply Depot  
  74  6:18  Marine  
  74  6:19  Marine  
  74  6:20  Marine  
  74  6:25  Widow Mine  
  79  6:27  Widow Mine, Marine  
  79  6:28  Marine  
  83  6:34  Barracks Reactor  
  83  6:35  Barracks Reactor  
  83  6:36  Marine x2, Orbital Command  
  83  6:38  Marine  
  83  6:39  SCV x2  
  88  6:45  Marine x2  
  88  6:47  Supply Depot  
  90  6:51  SCV x2, Widow Mine  
  90  6:52  Widow Mine, Combat Shield  
  96  6:54  Marine x2  
  98  7:03  SCV x2  
  98  7:04  SCV, Supply Depot  
  98  7:08  Marine x3  
  104  7:12  Supply Depot, Marine x2  
  104  7:13  Supply Depot  
  104  7:15  SCV x2  
  108  7:16  SCV  
  106  7:24  Marine x4  
  106  7:26  Widow Mine x2, Marine x3  
  106  7:27  SCV x2  
  116  7:30  Supply Depot  
  116  7:36  Supply Depot  
  116  7:37  Missile Turret  
  116  7:41  Factory  
  116  7:42  Medivac x2  
  120  7:45  SCV x3  
  120  7:49  Missile Turret  
  123  7:51  Terran Infantry Weapons Level 2  
  111  7:59  Marine x2  
  111  8:00  Marine x6  
  111  8:02  Marauder  
  111  8:03  Widow Mine x2  
  121  8:09  Supply Depot  
  121  8:10  Terran Infantry Armor Level 2  
  121  8:12  Medivac  
  120  8:17  Marine  
  120  8:18  Marine x6  
  127  8:24  Refinery  
  127  8:26  Drilling Claws, Widow Mine  
  129  8:32  Command Center  
  129  8:33  Supply Depot  
  129  8:36  Marine x5  
  129  8:37  Marine x3  
  135  8:43  SCV x2  
  135  8:44  SCV  
  135  8:47  Widow Mine x2  
  129  8:52  Widow Mine  
  119  8:57  Marine  
  119  8:59  SCV x3  
  119  9:02  Marine x2  
  113  9:04  Marine x3  
  113  9:05  Marine  
  113  9:06  Marine  
  122  9:10  Marauder  
  122  9:16  SCV x2  
  124  9:24  Marine x4  
  124  9:25  Marine x4  
  124  9:27  Widow Mine  
  124  9:28  SCV x2  
  124  9:30  Widow Mine  
  140  9:31  Marauder  
  140  9:32  Widow Mine  
  140  9:33  SCV  
  143  9:46  Marine x3  
  143  9:47  Marine x5  
  143  9:52  Marauder, Sensor Tower  
  151  9:54  SCV x3  
  151  9:59  Medivac x2  
  148  10:06  Barracks x2  
  148  10:07  Barracks  
  148  10:08  Marine x5  
  148  10:09  Marine x2  
  155  10:19  Widow Mine  
  155  10:20  Widow Mine  
  155  10:21  Widow Mine  
  156  10:22  Marine  
  156  10:23  Marauder  
  159  10:32  Terran Infantry Weapons Level 3, Terran Infantry Armor Level 3  
  159  10:34  Marine  
  159  10:35  Marine x2  
  140  10:36  Marine  
  140  10:39  Marine x2  
  140  10:40  Marine  
  140  10:41  Widow Mine  
  140  10:42  SCV  
  144  10:43  SCV  
  137  10:54  Marine  
  137  10:55  Marine x3  
  137  10:57  Widow Mine x2  
  137  11:03  Barracks Tech Lab x3  
  139  11:05  SCV  
  139  11:06  SCV x2  
  139  11:09  Marine x2  
  139  11:10  Marine x2  
  148  11:19  Concussive Shells  
  148  11:21  Widow Mine x2  
  148  11:24  Marine x3  
  155  11:27  Marine  
  155  11:29  Marauder x3  
  155  11:30  Marauder, Planetary Fortress, SCV x2  
  162  11:36  Orbital Command  
  162  11:37  Widow Mine  
  163  11:42  SCV  
  163  11:43  SCV  
  163  11:45  Marine x2  
  151  11:49  Widow Mine  
  151  11:50  Widow Mine  
  151  11:52  Medivac x2, Marine x2  
  151  11:53  Marine x2  
  156  11:57  SCV x2  
  156  11:58  Widow Mine  
  151  12:03  Marauder  
  151  12:04  Marauder x3  
  151  12:06  SCV  
  160  12:09  SCV x2  
  160  12:11  Widow Mine  
  164  12:18  SCV  
  164  12:21  SCV x2  
  164  12:22  Medivac x2, Marine x7  
  170  12:27  Supply Depot  
  170  12:29  Marine  
  173  12:30  SCV, Widow Mine x2  
  173  12:32  Widow Mine  
  173  12:35  SCV  
  179  12:42  Supply Depot  
  179  12:44  Supply Depot  
  179  12:48  Marauder x4  
  187  12:56  Orbital Command  
  187  12:58  Widow Mine x2  
  185  13:08  Widow Mine  
  185  13:10  Marauder x4  
  165  13:25  SCV  
  164  13:28  SCV, Missile Turret  
  164  13:31  Supply Depot x2  
  164  13:35  Marauder  
  164  13:46  Command Center  
  164  13:47  Marauder, Widow Mine x2  
  164  13:48  Marauder, Widow Mine  
  162  13:50  Marine  
  162  13:51  Marine x2  
  162  13:52  Marine  
  143  13:55  Marine x2  
  143  13:58  Marine  
  143  14:00  SCV x2  
  140  14:03  SCV  
  140  14:06  Barracks Tech Lab  
  140  14:08  Widow Mine x2  
  144  14:10  Widow Mine  
  144  14:12  SCV, Marine x4  
  144  14:14  Barracks Tech Lab  
  149  14:23  Marauder x2  
  153  14:30  Widow Mine x2  
  159  14:31  Widow Mine  
  159  14:33  Marine  
  159  14:34  Marine x5  
  165  14:41  Marauder x2  
  165  14:42  Sensor Tower  
  169  14:47  Marauder x2, Marine  
  169  14:51  Widow Mine x2  
  180  14:52  Widow Mine  
  180  14:57  Marine x4  
  184  15:02  Marauder  
  184  15:04  Medivac  
  182  15:09  Marine  
  182  15:11  Marauder x2  
  182  15:12  Medivac, Marauder  
  170  15:18  Marine x4  
  171  15:23  Widow Mine, Marauder  
  175  15:34  Medivac, Marine  
  175  15:35  Marine x3  
  180  15:42  Medivac  
  183  15:47  Marine  
  183  15:48  Marine x3  
  187  16:01  Marauder x3  
  187  16:02  Marine  
  180  16:04  Medivac  
  180  16:09  Widow Mine  
  178  16:12  Medivac  
  178  16:17  Marine  
  176  16:24  Marauder x3  
  143  16:25  Marine x2  
  143  16:26  Marauder  
  145  16:33  Widow Mine  
  145  16:35  Marine x6  
  145  16:37  Widow Mine x2  
  157  16:41  Planetary Fortress  
  157  16:43  Marine x2  
  157  16:45  Marauder, Marine x2  
  157  16:46  Marine  
  162  16:53  Marine  
  163  16:55  Missile Turret  
  163  17:02  Marine x3  
  163  17:03  Marauder x2, Marine  
  163  17:04  Marine  
  163  17:05  Marauder  
  163  17:06  Marauder  
  176  17:14  Widow Mine x2  
  180  17:20  Widow Mine  
  180  17:22  Marine  
  183  17:24  Marauder  
  183  17:25  Marauder, Refinery  
  183  17:26  Marauder  
  183  17:28  Marauder  
  191  17:31  Marine  
  191  17:35  Widow Mine  
  194  17:42  Widow Mine  
  190  17:46  Marauder x2  
  190  17:47  Marauder  
  190  17:48  Medivac  
  190  17:49  Medivac  
  195  17:53  Marine x3  
  195  17:56  Widow Mine, Marine  
  195  17:57  Widow Mine  
  167  17:59  Marauder  
  167  18:01  Marine x2  
  159  18:06  Widow Mine  
  159  18:07  Marauder  
  159  18:10  SCV x2  
  161  18:18  Widow Mine  
  163  18:39  Marauder  
  163  18:49  Marauder  
  163  18:50  Widow Mine  
  163  18:52  Medivac x2  
  163  18:53  Widow Mine  
  163  18:54  Marauder, Marine  
  164  19:17  Supply Depot  
  164  19:18  Supply Depot  
  164  19:21  Widow Mine  
  164  19:22  Marine x3  
  164  19:23  Medivac, Widow Mine x2  
  164  19:28  Medivac  
  164  19:29  Marauder  
  164  19:30  Marauder  
  164  19:31  Orbital Command  
  140  19:41  Marauder, Marine x2  
  140  19:43  Widow Mine, Marine  
  128  19:48  Widow Mine  
  132  19:53  Medivac, Marauder  
  132  19:54  Marauder x2  
  138  20:04  Marauder  
  142  20:07  Widow Mine x2  
  142  20:11  Marine x2  
  148  20:14  Marauder  
  146  20:25  Marauder x2  
  145  20:28  Marauder  
  145  20:34  Marine  
  125  20:35  Marauder  
  125  20:37  Widow Mine x2  
  125  20:41  Medivac  
  131  20:46  Marauder  
  131  20:49  Widow Mine  
  125  20:50  Marine x2  
  125  20:51  Marine x2  
  125  20:52  Marauder x2  
  125  20:55  SCV x2  
  131  20:57  Marauder  
  131  20:58  Widow Mine  
  131  21:01  Marine x3, Missile Turret  
  131  21:03  Marine  
  137  21:08  Marauder, Marine x2  
  141  21:13  Marauder  
  141  21:14  Marauder  
  146  21:18  Marauder  
  146  21:20  Marine  
  146  21:23  SCV x2  
  147  21:29  Marauder  
  149  21:35  Marauder x2  
  141  21:48  Marauder  
  141  21:50  Marauder  

Tags
 
Add a new tag
Caveats
  • Supply blocks, unpowered buildings, or Contaminate may cause inaccurate times.
  • Supply counts are checked every 10 seconds.